 Dungeon Crawl Stone Soup version 0.16-b1 (console) character file.

617 siepu the Slasher (level 7, -3/34 HPs)
             Began as a Vine Stalker Warper on Mar 14, 2015.
             Slain by a giant frog skeleton (4 damage)
             ... on level 5 of the Dungeon.
             The game lasted 00:09:39 (3493 turns).

siepu the Slasher (Vine Stalker Warper)             Turns: 3493, Time: 00:09:40

Health: -3/34      AC:  4    Str: 14    XL:     7   Next: 45%
Magic:  0/14       EV: 12    Int: 19    God:
Gold:   139        SH:  0    Dex: 15    Spells: 3 memorised, 4 levels left

rFire  . . .     SeeInvis .     b - +8 trident {drain, -Cast Int+6}
rCold  . . .     Clarity  .     C - +0 leather armour
rNeg   . . .     SustAb   .     (no shield)
rPois  +         Gourm    .     k - +1 hat {aux}
rElec  .         Spirit   +     (no cloak)
rCorr  .         Warding  .     (no gloves)
rMut   .         Rnd*Tele +     (no boots)
MR     .....     NoCast   +     (no amulet)
Stlth  +.........               p - ring of poison resistance
                                y - ring of teleportation (curse)

@: not resistant to hostile enchantments, very unstealthy
A: fangs 2, regeneration 2, magic shield, antimagic bite, no device heal 3, rot
immunity
a: Evoke Teleportation


You were on level 5 of the Dungeon.
You were not hungry.

You visited 1 branch of the dungeon, and saw 5 of its levels.

You collected 139 gold pieces.


Innate Abilities, Weirdness & Mutations

You have extremely sharp teeth.
You heal very quickly.
When hurt, damage is shared between your health and your magic reserves.
Your bite disrupts and absorbs the magic of your enemies.
Potions and wands cannot restore your health.
You are immune to rotting.


   Skills:
 - Level 1.7 Fighting
 + Level 4.9(6.0) Short Blades
   Level 5.2(6.1) Long Blades
 - Level 0.8 Throwing
 - Level 0.7 Armour
 - Level 1.5 Dodging
 - Level 2.1 Spellcasting
 - Level 3.0 Translocations


You had 4 spell levels left.
You knew the following spells:

 Your Spells              Type           Power        Failure   Level  Hunger
a - Apportation           Tloc           ##........   8%          1    #......
b - Portal Projectile     Tloc           ##....       21%         3    ###....
c - Blink                 Tloc           N/A          12%         2    ##.....

Inventory:

Hand weapons
 a - a +0 short sword of electrocution
   (You found it on level 3 of the Dungeon)
 b - the +8 trident "Moxauh" (weapon) {drain, -Cast Int+6}
   (You found it on level 4 of the Dungeon)

   A truly terrible weapon, it drains the life of those it strikes.
   It affects your intelligence (+6).
   It prevents spellcasting.
Missiles
 e - 5 tomahawks of dispersal {=f}
 h - 19 stones
 o - 2 throwing nets {=f}
 z - 7 javelins (quivered) {=f}
Armour
 k - a +1 hat (worn) {aux}
 C - a +0 leather armour (worn)
Jewellery
 m - an uncursed ring of invisibility
   (You found it on level 1 of the Dungeon)
 p - a ring of poison resistance (right hand)
   (You found it on level 1 of the Dungeon)
 q - a +2 ring of evasion
   (You found it on level 2 of the Dungeon)
 w - an uncursed ring of positive energy
   (You found it on level 2 of the Dungeon)
 x - an uncursed ring of sustain abilities
   (You found it on level 2 of the Dungeon)
 y - a cursed ring of teleportation (left hand)
   (You found it on level 4 of the Dungeon)
Magical devices
 t - a wand of confusion (31) {!v}
Scrolls
 d - 2 scrolls of blinking {!r}
 l - a scroll of teleportation {!r}
 u - 2 scrolls of identify {!r}
 A - a scroll of remove curse {!r}
 D - a scroll of fog {!r, unknown}
 E - a scroll of enchant armour {!r, unknown}
Potions
 g - a potion of magic {!q, unknown}
 i - a potion of haste {!q, unknown}
 j - 2 potions of heal wounds {!q, unknown}
 s - 2 potions of brilliance {!q, unknown}
 B - a potion of restore abilities {!q, unknown}
Books
 c - a book of Spatial Translocations

   Spells                             Type                      Level
   a - Apportation                    Translocation                1
   b - Blink                          Translocation                2
   c - Shroud of Golubria             Charms/Translocation         2
   d - Portal Projectile              Translocation                3
   e - Teleport Other                 Translocation                3
   f - Passage of Golubria            Translocation                4
Comestibles
 f - 4 bread rations {!e}
 n - 3 chunks of flesh {!e}
 r - a meat ration {!e}
 v - 7 fruits {!e}


Message History

You puncture the quokka!
You kill the quokka!
No target in view!
You see here a quokka corpse.
You butcher the quokka corpse.
n - 3 chunks of flesh {!e} (gained 2)
A hobgoblin comes into view.
The hobgoblin shouts!
Found 3 scrolls of identify.
A kobold comes into view. It is wielding a short sword.
Attack whom?
Press: ? - help, Dir - move target cursor, f - hobgoblin
Aim: a hobgoblin You reach to attack!
The kobold shouts!
You hit the hobgoblin.
You kill the hobgoblin!
A crimson imp comes into view.
The crimson imp shouts!
The kobold throws a stone.
The stone misses you.
You see here a stone.
The kobold throws a stone.
The stone misses you.
The crimson imp shouts, "Give up, thou froward ill-nurtured bounder!"
Attack whom?
Press: ? - help, Dir - move target cursor, f - kobold
Aim: a kobold, wielding a short sword You reach to attack!
You puncture the kobold!
You kill the kobold!
You closely miss the crimson imp.
The crimson imp hits you but does no damage.
The crimson imp completely misses you.
You barely miss the crimson imp.
The crimson imp hits you but does no damage.
You hit the crimson imp but do no damage.
You bite the crimson imp, but do no damage.
The crimson imp hits you but does no damage.
You hit the crimson imp.
The crimson imp is moderately wounded.
The crimson imp hits you but does no damage.
The crimson imp blinks!
Your surroundings suddenly seem different.
Found 29 gold pieces.
Found a stone staircase leading down.
An orc comes into view. It is wielding a trident.
A hobgoblin, an orc priest and a skeleton come into view.
The hobgoblin shouts!
The orc shouts!
The orc priest shouts!
An orc comes into view.
It is wielding a short sword of electrocution.
The orc shouts!
You hit the orc priest. You drain the orc priest!
The orc priest is almost dead.
The orc hits you from afar with a trident.
The orc priest barely misses you. The giant frog skeleton hits you.
The orc barely misses you.
You hit the orc priest.
You kill the orc priest!
The giant frog skeleton hits you. The orc misses you.
You hit the giant frog skeleton. The giant frog skeleton misses you.
The hobgoblin misses you.
The giant frog skeleton hits you but does no damage.
The orc hits you from afar with a trident.
You puncture the giant frog skeleton!
The giant frog skeleton closely misses you.
The hobgoblin hits you with a club. The orc closely misses you.
The giant frog skeleton barely misses you.
You barely miss the giant frog skeleton.
You bite the giant frog skeleton. You drain its power.
You feel invigorated.
The giant frog skeleton barely misses you.
The hobgoblin hits you but does no damage.
The orc hits you but does no damage.
The orc hits you with a short sword of electrocution.
You are too injured to fight recklessly!
You are too injured to fight recklessly!
You are too injured to fight recklessly!
You are too injured to fight recklessly!
You are too injured to fight recklessly!
You are too injured to fight recklessly!
There are monsters nearby!
There are monsters nearby!
You barely miss the giant frog skeleton.
The giant frog skeleton hits you. The hobgoblin hits you with a club.
The orc hits you but does no damage. The orc completely misses you.
The giant frog skeleton hits you.
You puncture the hobgoblin!
You kill the hobgoblin!
The giant frog skeleton closely misses you.
The orc closely misses you. The orc hits you but does no damage.
You are electrocuted!
* * * LOW HITPOINT WARNING * * *
The giant frog skeleton hits you.
* * * LOW HITPOINT WARNING * * *
Press: ? - help, v - describe, . - travel
Here: an orc, wielding a short sword of electrocution and wearing a leather armour The floor.
You puncture the orc!
You kill the orc!
The orc hits you from afar with a trident.
* * * LOW HITPOINT WARNING * * *
The giant frog skeleton hits you.
* * * LOW HITPOINT WARNING * * *
The orc completely misses you. The giant frog skeleton hits you.
You die...

##### #
#####...####
...###..........#
#....).........#
#....Z@.......>#
##.$.)........##
#...o........#
#......$.....#
#............# ##
#............ #.#
.........## #..
##.###### ##..##
#....#


You could see an orc and a giant frog skeleton.

Vanquished Creatures
  Eustachio (D:5)
  A sky beast (D:3)
  Sigmund (D:3)
  A scorpion (D:4)
  An iguana (D:4)
  An orc priest (D:5)
  A worker ant (D:4)
  Jessica (D:3)
  A gnoll (D:1)
  5 adders
  2 worms
  A giant gecko (D:1)
  3 oozes (D:1)
  4 orcs
  12 bats
  A bat skeleton (D:4)
  5 giant cockroaches
  9 goblins
  10 hobgoblins
  13 jackals
  2 quokkas
  2 ball pythons
  3 giant newts
  12 kobolds
  10 rats
103 creatures vanquished.

Notes
Turn   | Place    | Note
--------------------------------------------------------------
     0 | D:1      | siepu, the Vine Stalker Warper, began the quest for the Orb.
     0 | D:1      | Reached XP level 1. HP: 11/11 MP: 3/3
   207 | D:1      | Reached XP level 2. HP: 15/15 MP: 5/5
   461 | D:1      | Reached skill level 3 in Long Blades
   461 | D:1      | Reached XP level 3. HP: 15/18 MP: 4/7
   980 | D:2      | Reached XP level 4. HP: 17/23 MP: 8/8
  1131 | D:2      | Reached skill level 4 in Long Blades
  1259 | D:2      | Found an iron altar of Okawaru.
  1554 | D:2      | Learned a level 3 spell: Portal Projectile
  1557 | D:2      | Learned a level 2 spell: Blink
  1649 | D:3      | Noticed Sigmund
  1746 | D:3      | Noticed Jessica
  1774 | D:3      | Killed Jessica
  1900 | D:3      | Found a glowing golden altar of the Shining One.
  1900 | D:3      | Found a white marble altar of Elyvilon.
  1979 | D:3      | HP: 4/23 [something (6)]
  1981 | D:3      | Killed Sigmund
  1981 | D:3      | Reached skill level 5 in Long Blades
  1981 | D:3      | Reached XP level 5. HP: 4/26 MP: 5/11
  2622 | D:3      | Reached skill level 1 in Short Blades
  2655 | D:3      | Found a shadowy altar of Dithmenos.
  2707 | D:3      | Noticed a sky beast
  2777 | D:3      | Killed a sky beast
  2777 | D:3      | Gained mutation: You heal very quickly. [vine stalker growth]
  2777 | D:3      | Reached XP level 6. HP: 13/30 MP: 4/12
  2857 | D:4      | Found Giome's Gadget Boutique.
  2893 | D:4      | Reached skill level 3 in Short Blades
  2960 | D:4      | Got an ancient trident
  2961 | D:4      | Identified the +8 trident "Moxauh" {drain, -Cast Int+6} (You found it on level 4 of the Dungeon)
  3108 | D:4      | Reached XP level 7. HP: 30/34 MP: 12/14
  3290 | D:4      | Found a shimmering altar of Xom.
  3366 | D:5      | Entered Level 5 of the Dungeon
  3366 | D:5      | Noticed Eustachio
  3402 | D:5      | Killed Eustachio
  3492 | D:5      | HP: 5/34 [giant frog skeleton (3)]
  3493 | D:5      | HP: 1/34 [giant frog skeleton (3)]
  3493 | D:5      | Slain by a giant frog skeleton

Vault maps used:
D:1:      scummos_arrival_simple_crosswalls, corner_web_ring
D:2:      okawaru_metal_pillars_1_2, serial_forest, infiniplex_forest_lined_3,
          infiniplex_forest_side_room, infiniplex_forest_clump_medium,
          infiniplex_forest_straight_4, infiniplex_forest_clump_medium,
          infiniplex_forest_lined_room_2
D:3:      lemuel_coloured_pillars_altar, gammafunk_temple_overflow_wave,
          uniq_jessica, uniq_sigmund
D:4:      lemuel_doored_altar, serial_forest, infiniplex_forest_lined_room_3,
          infiniplex_forest_lined_ring, infiniplex_forest_clump_tiny,
          infiniplex_forest_lined_3_way, infiniplex_forest_clump_medium,
          infiniplex_forest_clump_medium, infiniplex_forest_straight_4,
          infiniplex_forest_clump_tiny, infiniplex_forest_clump_tiny,
          serial_shops, shop, first_bread
D:5:      minmay_temple_entry_mist, grunt_ministairs_7, uniq_edmund,
          uniq_blork_the_orc, uniq_eustachio, uniq_iyjb

Action                   |  1- 3 |  4- 6 |  7- 9 || total
-------------------------+-------+-------+-------++-------
Melee: Falchion          |   151 |    20 |       ||   171
       Rapier            |       |   125 |       ||   125
       Short sword       |       |    84 |       ||    84
       Trident           |       |    10 |    21 ||    31
Throw: Javelin           |       |     6 |       ||     6
  Use: Scroll            |       |     3 |       ||     3
  Eat: Chunk             |       |     8 |       ||     8
       Fruit             |       |       |     1 ||     1
